 Dungeon Crawl Stone Soup version 0.22-a0-305-gd21a89c (webtiles) character file.

289 xccam the Cudgeler (level 6, -2/47 HPs)
             Began as a Formicid Fighter on Mar 30, 2018.
             Was a Believer of Lugonu.
             Engulfed by a smoke demon's steam (3 damage)
             ... created by the fury of Makhleb
             ... on level 2 of the Dungeon.
             The game lasted 00:05:22 (1468 turns).

xccam the Cudgeler (Formicid Fighter)               Turns: 1468, Time: 00:05:23

Health: -2/47      AC:  6    Str: 22    XL:     6   Next: 57%
Magic:  6/6        EV:  8    Int:  8    God:    Lugonu [**....]
Gold:   106        SH:  9    Dex: 10    Spells: 5/5 levels left

rFire    . . .     SeeInvis +   i - +0 whip (elec)
rCold    . . .     Gourm    .   c - +0 shield
rNeg     . . .     Faith    .   b - +0 scale mail
rPois    .         Spirit   .   (helmet unavailable)
rElec    .         Reflect  .   (no cloak)
rCorr    .         Harm     .   (no gloves)
MR       .....                  (no boots)
Stlth    ..........             (no amulet)
HPRegen  0.15/turn              (no ring)
MPRegen  0.10/turn              (no ring)

@: no status effects
A: permanent stasis, dig shafts and tunnels, four strong arms, antennae 3
a: Dig, Shaft Self, Depart the Abyss, Bend Space, Renounce Religion


You were on level 2 of the Dungeon.
You worshipped Lugonu.
Lugonu was pleased with you.
You were not hungry.

You visited 1 branch of the dungeon, and saw 2 of its levels.

You collected 106 gold pieces.

Inventory:

Hand Weapons
 a - a +0 flail
 i - a +0 whip of electrocution (weapon)
Armour
 b - a +0 scale mail (worn)
 c - a +0 shield (worn)
Jewellery
 k - an uncursed ring of positive energy {unknown}
Scrolls
 e - 2 scrolls of identify {unknown}
 g - a scroll of random uselessness {unknown}
 h - a scroll of teleportation {unknown}
 m - 3 scrolls of fog {unknown}
 n - a scroll of enchant weapon {unknown}
 o - a scroll of blinking {unknown}
Potions
 d - a potion of might
 j - a potion of curing
 l - a potion of magic {unknown}
Comestibles
 f - 3 rations
 p - a chunk of flesh


   Skills:
 - Level 3.2 Fighting
 + Level 6.5 Maces & Flails
 - Level 3.2 Armour
 - Level 3.6 Shields


You had 5 spell levels left.
You didn't know any spells.

Dungeon Overview and Level Annotations

Branches:
Dungeon (2/15)

Altars:
Makhleb
Sif Muna
Trog
Lugonu


Innate Abilities, Weirdness & Mutations

You cannot be hasted, slowed, berserked, paralysed or teleported.
You can dig through walls and to a lower floor.
Your four strong arms can wield two-handed weapons with a shield.
You have a pair of large antennae on your head. (SInv)


Message History

The smoke demon is almost dead.
The smoke demon gestures at you. The ball of steam hits you!
* * * LOW HITPOINT WARNING * * *
You are too injured to fight recklessly!
You are too injured to fight recklessly!
You are too injured to fight recklessly!
You are too injured to fight recklessly!
Your shield and scale mail prevent you from hitting the smoke demon.
The smoke demon is almost dead.
You are engulfed in a cloud of scalding steam.
* * * LOW HITPOINT WARNING * * *
The smoke demon hits you but does no damage. x2
The smoke demon hits you.
* * * LOW HITPOINT WARNING * * *
Unknown command.
You barely miss the smoke demon.
The smoke demon is almost dead.
You are engulfed in a cloud of scalding steam.
You die...

######### ## #.......# .#
#.......# ##.# #.......# #..
#.......# #3# #.......# #@#
###......# #§# #_#......# #§#
##.####.#.# #.# #...###.#.# #.#
..#..#....######.#
.###.##<......##.#
.###.##.#####.##.# ###########
.#_...####.......######......##..


You could see a smoke demon.

Vanquished Creatures
  Sigmund (D:2)
  Jessica (D:2)
  6 adders (D:2)
  2 dart slugs
  2 leopard geckos
  4 giant cockroaches
  5 goblins (D:1)
  4 jackals (D:2)
  3 kobolds (D:1)
  A quokka (D:2)
  4 bats
  2 frilled lizards
  4 rats
  2 plants (D:1)
41 creatures vanquished.

Notes
Turn   | Place    | Note
-------+----------+-------------------------------------------
     0 | D:1      | xccam the Formicid Fighter began the quest for the Orb.
     0 | D:1      | Reached XP level 1. HP: 18/18 MP: 1/1
   166 | D:1      | Reached XP level 2. HP: 17/24 MP: 2/2
   256 | D:1      | Reached skill level 3 in Maces & Flails
   541 | D:1      | Reached XP level 3. HP: 29/29 MP: 3/3
   628 | D:2      | Noticed Jessica
   631 | D:2      | Killed Jessica
   634 | D:2      | Reached skill level 4 in Maces & Flails
   634 | D:2      | Reached XP level 4. HP: 34/35 MP: 4/4
  1129 | D:2      | Reached XP level 5. HP: 41/41 MP: 5/5
  1178 | D:2      | Found a deep blue altar of Sif Muna.
  1178 | D:2      | Found a burning altar of Makhleb.
  1183 | D:2      | Found a faded altar of an unknown god.
  1185 | D:2      | Found a faded altar of an unknown god.
  1186 | D:2      | Found a bloodstained altar of Trog.
  1194 | D:2      | Became a worshipper of Makhleb the Destroyer
  1194 | D:2      | Reached * piety under Makhleb
  1199 | D:2      | Fell from the grace of Makhleb
  1199 | D:2      | Became a worshipper of Lugonu the Unformed
  1199 | D:2      | Reached * piety under Lugonu
  1199 | D:2      | Reached ** piety under Lugonu
  1241 | D:2      | Noticed Sigmund
  1264 | D:2      | Killed Sigmund
  1264 | D:2      | Reached skill level 6 in Maces & Flails
  1264 | D:2      | Reached XP level 6. HP: 47/47 MP: 6/6
  1457 | D:2      | Noticed a smoke demon
  1467 | D:2      | HP: 1/47 [smoke demon[the fury of Makhleb] (2)]
  1468 | D:2      | Engulfed by a smoke demon's steam

Vault maps used:
D:1:      eino_arrival_water_star, serial_bayou_lake_a
D:2:      chequers_temple_overflow_minitemple, trog_three_pillars_becter,
          uniq_jessica, uniq_sigmund

Skill      XL: |  1  2  3  4  5 |
---------------+----------------+-----
Maces & Flails | 3 4 6 |  6.5
Fighting       | |  3.2
Armour         | |  3.2
Shields        | |  3.6

Action                   |  1- 3 |  4- 6 || total
-------------------------+-------+-------++-------
Melee: Flail             |    22 |       ||    22
       Whip              |    52 |   114 ||   166
  Use: Potion            |       |     2 ||     2
  Eat: Chunk             |       |     2 ||     2
Armor: Scale mail        |    24 |    41 ||    65
Dodge: Dodged            |    19 |    21 ||    40
Block: Shield            |    22 |    60 ||    82

Table legend:
 A = Spawn XP
 B = Non-spawn XP
 C = Spawn XP percentage of total XP
 D = Spawn monster count
 E = Non-spawn monster count
 F = Spawn count percentage of total count
 G = Total turns spent on level
                    A         B        C        D         E        F      G
               +---------+---------+-------+---------+---------+-------+---------
         Total |       0 |     413 |   0.0 |       0 |      39 |   0.0 |  1468
               +---------+---------+-------+---------+---------+-------+---------
           D:1 |       0 |      29 |   0.0 |       0 |      16 |   0.0 |   620
           D:2 |       0 |     384 |   0.0 |       0 |      23 |   0.0 |   848
               +---------+---------+-------+---------+---------+-------+---------
